 Dungeon Crawl Stone Soup version 0.28-a0-1152-g9c71ebef14 (webtiles) character file.

Game seed: 3047507878316767220

5200 croobank the Slicer (level 10, -14/76 HPs)
             Began as a Spriggan Abyssal Knight on Dec 15, 2021.
             Was a High Priest of Lugonu.
             Demolished by Sonja (22 damage)
             ... on level 10 of the Dungeon.
             The game lasted 01:17:29 (9696 turns).

croobank the Slicer (Spriggan Abyssal Knight)       Turns: 9696, Time: 01:17:29

Health: -14/76     AC: 25    Str: 11    XL:     10   Next: 34%
Magic:  19/19      EV:  4    Int: 13    God:    Lugonu [*****.]
Gold:   757        SH:  0    Dex: 17    Spells: 14/20 levels left

rFire   . . .      SeeInvis +   a - +6 short sword (flame)
rCold   + . .      Faith    .   (shield restricted)
rNeg    . . .      Spirit   .   (armour currently unavailable)
rPois   +          Reflect  .   (helmet currently unavailable)
rElec   .          Harm     .   (cloak currently unavailable)
rCorr   .          Rampage  .   (gloves unavailable)
Will    +....      NoTele   +   (boots unavailable)
Stlth   +++.......              (no amulet)
HPRegen 0.22/turn               j - ring of protection from cold
MPRegen 0.16/turn               K - ring of poison resistance

@: tree-form, invisible
A: stationary, stasis, torment immunity, boosted hp, very small, no large
weapons, unfitting armour, see invisible, (speed 3)
a: Renounce Religion, Depart the Abyss, Bend Space, Banish, Corrupt, Enter the
Abyss


You were on level 10 of the Dungeon.
You worshipped Lugonu.
Lugonu was extremely pleased with you.
You were a tree.
You visited 1 branch of the dungeon, and saw 11 of its levels.
You visited the Abyss 1 time.
You also visited: Ossuary.

You collected 757 gold pieces.

Inventory:

Hand Weapons
 a - a +6 short sword of flaming (weapon)
 b - a +0 hunting sling
 k - a +1 rapier of draining
 q - a +0 fustibalus
 s - a +2 flail of protection
 v - a +3 dagger of chaos
 w - a +4 hand axe
 y - a +4 spear
Missiles
 c - 213 stones
 d - 28 poisoned darts
 e - 6 boomerangs (quivered)
 h - 46 sling bullets
Armour
 f - the +5 steam dragon scales of Foolhardiness (melded) {Regen+ Str+4}
   (You acquired it on level 2 of the Dungeon)

   Str:       It affects your strength (+4).
   Regen:     It increases your rate of health regeneration.
 g - +0 steam dragon scales
 o - a +0 cloak (melded)
Jewellery
 j - a ring of protection from cold (left branch)
 t - an amulet of faith
 K - a ring of poison resistance (right branch)
Wands
 u - a wand of charming (9)
 x - a wand of paralysis (14)
 z - a wand of iceblast (8)
Scrolls
 m - 2 scrolls of immolation
 n - 2 scrolls of blinking
 p - a scroll of enchant armour
 r - 3 scrolls of identify
 A - 4 scrolls of teleportation
 B - a scroll of amnesia {unknown}
 I - a scroll of silence {unknown}
Potions
 i - 3 potions of curing
 l - 2 potions of cancellation
 C - 3 potions of flight
 E - a potion of lignification
 F - a potion of heal wounds {unknown}
 G - a potion of berserk rage
 H - 2 potions of haste
 J - a potion of ambrosia
 L - a potion of brilliance


   Skills:
 + Level 5.4 Fighting
 + Level 9.0 Short Blades
 + Level 7.3(7.5) Slings
 + Level 1.9(4.3) Throwing
 * Level 2.8 Armour
 + Level 7.1 Dodging
 + Level 4.0 Stealth
 - Level 5.8 Spellcasting
 - Level 5.5 Transmutations
 * Level 1.1 Earth Magic
 + Level 1.9 Invocations


You had 14 spell levels left.
You knew the following spells:

 Your Spells              Type           Power      Damage    Failure   Level
a - Beastly Appendage     Tmut           36%        N/A       1%          1
b - Wereblood             Tmut           18%        N/A       2%          2
c - Spider Form           Tmut/Pois      10%        N/A       17%         3

Your spell library contained the following spells:

 Spells                   Type           Power      Damage    Failure   Level
 Animate Skeleton         Necr           6%         N/A       17%         1
 Pain                     Necr           12%        1d4       17%         1
 Shock                    Conj/Air       12%        1d3       17%         1
 Ignite Poison            Fire/Tmut/Pois 8%         N/A       24%         3
 Conjure Flame            Conj/Fire      3%         6-21      45%         3
 Gell's Gravitas          Tloc           3%         N/A       45%         3
 Lesser Beckoning         Tloc           3%         N/A       45%         3
 Swiftness                Air            3%         N/A       45%         3
 Teleport Other           Tloc           3%         N/A       45%         3
 Vampiric Draining        Necr           3%         2d6       45%         3
 Leda's Liquefaction      Hex/Erth       2%         N/A       80%         4
 Airstrike                Air            1%         N/A       86%         4
 Sticky Flame             Conj/Fire      3%         2d3       86%         4
 Lee's Rapid Deconstruct  Erth           3%         3d6*      97%         5
 Statue Form              Tmut/Erth      8%         N/A       100%        6


Dungeon Overview and Level Annotations

Branches:
Dungeon (11/15)            Temple (0/1) D:7         Ossuary (visited)
   Lair: D:8-11         Orc: D:9-12

Altars:
Ashenzari
Gozag
Okawaru
Uskayaw

Shops:
D:1 :   D:2 =   D:4 :   D:6 (   D:8 *   D:9 *

Annotations:
D:5 3 runed translucent doors, Thraspic's ghost, weakling DgDe; coolguy420's ghost, novice DECj; mitch45678's ghost, novice MiNe; siradein's ghost, novice DrVM; spaghetti's ghost, weakling DjDe
D:8 2 transporters, Grum; siradein's ghost, novice DrFi
D:10 Sonja


Innate Abilities, Weirdness & Mutations

You are a tree.
Your roots penetrate the ground, keeping you stationary.
You cannot be teleported.
You are immune to unholy pain and torment.
Your maximum health is greatly increased.
Your equipment is partially melded.
You are very small and have problems with some larger weapons.
You are too small for most types of armour.
You have supernaturally acute eyesight. (SInv)
((You cover ground extremely quickly. (Speed+++)))


Message History

You open the door.
There is an open door here.
You open the door.
Sonja is nearby!
Found a small gilded ring.
There is an open door here.
Sonja shouts!
Sonja zaps a wand.
The puff of flame misses you. Sonja completely misses you. Sonja misses you.
Sonja hits you with a +2 short sword of distortion!
Space warps around you.
You completely miss Sonja.
Sonja mumbles some strange words.
Sonja blinks!
Sonja hits you with a +2 short sword of distortion!
Space warps around you. Sonja hits you but does no damage.
You blink.
Sonja throws a curare-tipped dart.
The curare-tipped dart closely misses you.
You miss Sonja.
Sonja hits you with a +2 short sword of distortion.
Space warps horribly around you!
* * * LOW HITPOINT WARNING * * *
Sonja hits you but does no damage. Sonja barely misses you.
You hit Sonja but do no damage. Sonja completely misses you.
Sonja barely misses you. x2
Okay, then.
It was a potion of lignification.
You turn into a tree.
Your +0 cloak melds into your body.
The +5 steam dragon scales of Foolhardiness {Regen+ Str+4} melds into your body.
Your roots penetrate the ground.
Sonja hits you but does no damage. Space warps around you.
* * * LOW HITPOINT WARNING * * *
Sonja hits you with a +2 short sword of distortion.
* * * LOW HITPOINT WARNING * * *
Sonja hits you but does no damage. Space warps around you!
* * * LOW HITPOINT WARNING * * *
It was a potion of invisibility.
You fade into invisibility!
Sonja hits you but does no damage. Space warps horribly around you!!
You die...

.'..........####......
##..........')))......
#.>........####......
#########'## #####.#
#..# # #######.##
#.......# ##'#######
#..K♣....# +........#
#........# #...$....#
#........# #.....=..+
#.[......# ###+#######
. #...#


You could see Sonja.

Vanquished Creatures
  Psyche (D:10)
  A troll (D:9)
  A wraith (D:9)
  5 yaks
  A steam dragon (D:7)
  3 water moccasins
  2 black bears
  An ice beast (D:6)
  2 hornet zombies
  4 ogres
  2 kobold brigands
  2 bullfrogs
  A gnoll sergeant (D:8)
  8 scorpions
  A water moccasin zombie (D:5)
  A water moccasin skeleton (D:4)
  3 killer bees (D:8)
  5 wights (D:7)
  2 howler monkeys
  A bullfrog zombie (D:6)
  2 jellies
  6 orc priests
  A centaur skeleton (D:7)
  4 hounds
  A bullfrog skeleton (D:6)
  5 iguanas
  10 orc wizards
  A killer bee zombie (D:7)
  A hound zombie (D:5)
  3 hound skeletons
  8 mummies (Ossuary)
  A howler monkey zombie (D:9)
  Robin (D:2)
  8 gnolls
  7 adders
  A white imp (D:3)
  An ufetubus (D:5)
  2 adder skeletons (D:4)
  3 dart slugs
  32 orcs
  7 endoplasms
  3 giant cockroaches
  A gnoll zombie (Ossuary)
  14 goblins
  15 hobgoblins
  3 jackals
  13 kobolds
  7 quokkas
  8 ball pythons
  9 bats
  4 frilled lizards
  3 hobgoblin zombies (Ossuary)
  A kobold zombie (Ossuary)
  3 orc zombies (Ossuary)
  5 rats
241 creatures vanquished.

Vanquished Creatures (others)
  A goblin (D:2)
  6 plants (D:8)
7 creatures vanquished.

Grand Total: 248 creatures vanquished

Notes
Turn   | Place    | Note
-------+----------+-------------------------------------------
     0 | Abyss:1  | croobank the Spriggan Abyssal Knight began the quest for
                  | the Orb.
     0 | Abyss:1  | Reached XP level 1. HP: 11/11 MP: 3/3
    59 | Abyss:1  | Noticed an ancient zyme
    67 | Abyss:1  | Noticed a quasit
    92 | D:1      | Escaped the Abyss
   571 | D:1      | Reached * piety under Lugonu
   877 | D:1      | Reached XP level 2. HP: 5/16 MP: 4/4
  1534 | D:1      | Found Qehuiv's Book Shoppe.
  1683 | D:1      | Reached skill level 3 in Short Blades
  1738 | D:1      | Learned a level 1 spell: Beastly Appendage
  1844 | D:1      | Reached XP level 3. HP: 19/19 MP: 5/5
  2178 | D:2      | Identified the +0 helmet "Ufupn" {rPois rC- rCorr Str-2}
  2178 | D:2      | Noticed Robin
  2207 | D:2      | Killed Robin
  2208 | D:2      | Reached skill level 1 in Throwing
  2227 | D:2      | Reached ** piety under Lugonu
  2233 | D:2      | Reached XP level 4. HP: 14/23 MP: 6/6
  2452 | D:2      | Found Ringib's Jewellery Shop.
  2477 | D:2      | Identified a scroll of acquirement
  2477 | D:2      | Acquired the +5 steam dragon scales of Foolhardiness
                  | {Regen+ Str+4}
  2690 | D:2      | Found a faded altar of an unknown god.
  3118 | D:3      | Reached XP level 5. HP: 28/28 MP: 5/7
  3123 | D:3      | Reached skill level 4 in Short Blades
  3123 | D:3      | Reached skill level 1 in Spellcasting
  3123 | D:3      | Reached skill level 1 in Transmutations
  3129 | D:3      | Reached skill level 1 in Slings
  3359 | D:3      | Reached *** piety under Lugonu
  3738 | D:3      | Reached XP level 6. HP: 16/32 MP: 9/9
  4008 | D:4      | Reached skill level 1 in Stealth
  4431 | D:4      | Found Yrowotah's Book Shop.
  4443 | D:4      | Reached XP level 7. HP: 31/36 MP: 11/11
  4556 | D:4      | Reached skill level 5 in Short Blades
  4687 | D:4      | Reached **** piety under Lugonu
  4898 | D:4      | Learned a level 2 spell: Wereblood
  4937 | D:5      | Entered Level 5 of the Dungeon
  5154 | D:5      | Noticed a yak
  5154 | D:5      | Noticed a yak
  5157 | D:5      | Noticed a yak
  5184 | D:5      | Killed a yak
  5185 | D:5      | Reached skill level 5 in Dodging
  5185 | D:5      | Reached XP level 8. HP: 36/42 MP: 12/14
  5202 | D:5      | Reached skill level 6 in Short Blades
  5202 | D:5      | Reached skill level 5 in Slings
  5366 | D:5      | Found a runed translucent gate.
  5367 | D:5      | Found a runed translucent gate.
  5367 | D:5      | Found a runed translucent gate.
  5369 | D:5      | Noticed coolguy420's ghost (novice DECj)
  5369 | D:5      | Noticed mitch45678's ghost (novice MiNe)
  5370 | D:5      | Noticed Thraspic's ghost (weakling DgDe)
  5370 | D:5      | Noticed spaghetti's ghost (weakling DjDe)
  5370 | D:5      | Noticed siradein's ghost (novice DrVM)
  5507 | D:5      | Found an iron altar of Okawaru.
  5604 | D:5      | Reached skill level 5 in Transmutations
  5962 | D:6      | Reached skill level 5 in Spellcasting
  5996 | D:6      | Reached XP level 9. HP: 45/45 MP: 18/18
  6006 | D:6      | Learned a level 3 spell: Spider Form
  6112 | D:6      | Reached skill level 7 in Short Blades
  6176 | D:6      | Found an opulent altar of Gozag.
  6176 | D:6      | Found a broken altar of Ashenzari.
  6193 | D:6      | Reached ***** piety under Lugonu
  6248 | D:6      | Found Poamiwk's Weapon Shoppe.
  6438 | D:7      | Found a staircase to the Ecumenical Temple.
  6911 | D:7      | Reached skill level 1 in Armour
  7073 | D:8      | Found a sand-covered staircase.
  7077 | Ossuary  | Entered an ossuary
  7213 | Ossuary  | Reached skill level 8 in Short Blades
  7218 | Ossuary  | Reached skill level 5 in Fighting
  7775 | D:8      | Found a transporter.
  7788 | D:8      | Noticed Grum
  7809 | D:8      | Noticed siradein's ghost (novice DrFi)
  7817 | D:8      | Identified the +6 scale mail "Xita" {Slay+2 SInv}
  7817 | D:8      | Identified the amulet of Deplitas {Acrobat Contam Rampage
                  | rCorr}
  7859 | D:8      | Found a transporter.
  7898 | D:8      | Found Iqonac's Hallowed Reliquary.
  7902 | D:8      | Noticed an angel
  8000 | D:8      | Reached XP level 10. HP: 42/51 MP: 19/19
  8758 | D:9      | Found Bewenaest's Serpentskin Sales.
  9401 | D:10     | Entered Level 10 of the Dungeon
  9401 | D:10     | Noticed Psyche
  9412 | D:10     | Killed Psyche
  9413 | D:10     | Reached skill level 9 in Short Blades
  9444 | D:10     | Noticed Sonja
  9537 | D:10     | Found a hide-covered altar of Uskayaw.
  9566 | D:10     | Reached skill level 1 in Earth Magic
  9696 | D:10     | Demolished by Sonja

Illustrated notes

Levels and vault maps discovered:
D:1:      dpeg_arrival_rooms_with_view, layout_basic, serial_shops, shop
D:2:      layout_basic, serial_shops, shop, hellmonk_ecumenical_altar_blasted,
          amcnicky_mini_rare_corridor_liquid, solitary_fountain,
          minmay_misc_feat_four_crosses, uniq_robin
D:3:      minmay_razor_zed, layout_loops_cross
D:4:      layout_rooms, serial_shops, kennysheep_little_box
D:5:      layout_gridville, kennysheep_okawaru_gauntlet,
          gammafunk_ghost_cemetery
D:6:      layout_rooms, gammafunk_temple_overflow_wave, serial_shops, shop
D:7:      layout_basic, minmay_temple_entry_mini_moons
D:8:      layout_basic, nicolae_ossuary_entry_plus,
          gammafunk_ghost_gnarly_gnolls, nicolae_good_shop
D:9:      layout_loops_ring, serial_co_window_serial, co_window_corner_a,
          co_window_paths_b, co_window_paths_a, co_window_corner_a,
          co_window_paths_a, co_window_broadway_b, co_window_broadway_c,
          co_window_broadway_b, co_window_of_opportunity_b,
          co_window_unsneaky_path_d, co_window_paths_d, co_window_4corner_b,
          glass_columns_b, glass_columns_a, glass_columns_b, guppyfry_shop_venom
D:10:     layout_roguey, eat_drink_and_be_merry_uskayaw, uniq_sonja,
          uniq_maurice, uniq_psyche
D:11:     layout_gridville, erik_lair_orcish_takeover, gauntlet_entry_generic,
          minmay_joined_circles

Skill      XL: |  1  2  3  4  5  6  7  8  9 10 |
---------------+-------------------------------+-----
Short Blades   | 3 4 5 6 8 9 |  9.0
Throwing       | 1 |  1.9
Fighting       | 3 4 5 |  5.4
Spellcasting   | 1 2 3 5 |  5.8
Transmutations | 1 2 3 5 |  5.5
Slings         | 2 3 4 5 7 |  7.3
Dodging        | 4 5 6 7 |  7.1
Stealth        | 1 2 3 4 |  4.0
Armour         | 2 |  2.8
Earth Magic    | 1 |  1.1
Invocations    | |  1.9

Action                   |  1- 3 |  4- 6 |  7- 9 | 10-12 || total
-------------------------+-------+-------+-------+-------++-------
Melee: Short sword       |   155 |   158 |   381 |   138 ||   832
       Kick              |       |       |     9 |       ||     9
       Headbutt          |       |       |     7 |       ||     7
 Fire: Hunting sling     |       |    61 |   124 |     3 ||   188
Throw: Stone             |    58 |     7 |     1 |       ||    66
       Boomerang         |       |       |     2 |       ||     2
 Cast: Beastly Appendage |       |       |     4 |       ||     4
       Wereblood         |       |       |     3 |       ||     3
Invok: Depart the Abyss  |     1 |       |       |       ||     1
  Use: Scroll            |     2 |     9 |     8 |     2 ||    21
       Potion            |       |     2 |     4 |     2 ||     8
 Stab: Sleeping          |       |     1 |     1 |     1 ||     3
Armor: Robe              |    19 |       |       |       ||    19
       Steam dragon scal |    12 |    18 |    57 |    18 ||   105
       Skin              |       |       |       |     3 ||     3
Dodge: Dodged            |   163 |   109 |   238 |   101 ||   611

Table legend: (Time is in decaauts)
 A = Elapsed time spent in this place.
 B = Non-inter-level travel time spent in this place.
 C = Inter-level travel time spent in this place.
 D = Time resting spent in this place.
 E = Time spent auto-exploring this place.
 F = Levels seen in this place.
 G = Mean time per level.
                   A        B        C        D        E       F      G
               +--------+--------+--------+--------+--------+-----+--------+
         Total |   7100 |   6993 |    107 |   1770 |   2646 |  13 |  546.2 |
       Dungeon |   6628 |   6521 |    107 |   1570 |   2603 |  11 |  602.5 |
         Abyss |     60 |     60 |      0 |      0 |     30 |   1 |   60.0 |
       Ossuary |    411 |    411 |      0 |    200 |     13 |   1 |  411.0 |
               +--------+--------+--------+--------+--------+-----+--------+

Top non-repeatable levels by time:
     D:1: 1704 daAuts
     D:3: 974 daAuts
     D:9: 748 daAuts
     D:5: 669 daAuts
     D:2: 609 daAuts
     D:8: 516 daAuts
     D:4: 514 daAuts
 Ossuary: 411 daAuts
     D:7: 353 daAuts
     D:6: 327 daAuts
    D:10: 209 daAuts
 Abyss:1: 60 daAuts
    D:11: 1 daAuts
